 Dungeon Crawl Stone Soup version 0.29-a0-577-gafbf2c5d25 (webtiles) character file.

Game seed: 12272489296230961464

94 marklar909 the Skirmisher (level 4, -1/57 HPs)
             Began as a Palentonga Fighter on June 14, 2022.
             Succumbed to an adder's poison
             ... on level 3 of the Dungeon.
             The game lasted 00:04:30 (1639 turns).

marklar909 the Skirmisher (Palentonga Fighter)      Turns: 1639, Time: 00:04:31

Health: -1/57      AC:  6    Str: 21    XL:     4   Next: 38%
Magic:  3/3        EV:  7    Int:  9    God:
Gold:   87         SH:  4    Dex:  9    Spells: 3/3 levels left

rFire   . . .      SeeInvis +   b - +0 flail
rCold   . . .      Faith    .   c - +0 buckler
rNeg    . . .      Spirit   .   p - +0 scale mail
rPois   .          Reflect  .   (no helmet)
rElec   .          Harm     .   (no cloak)
rCorr   .          Rampage  .   (no gloves)
Will    .....                   (no barding)
Stlth   ..........              (no amulet)
HPRegen 0.19/turn               (no ring)
MPRegen 0.08/turn               (no ring)

@: berserking, lethally poisoned (-1 -> -8), flying, very quick
A: large, rugged brown scales 3, see invisible, deformed body, roll 1, armoured
tail, stinger 1, low MP 1, devolution 1
a: Rolling Charge


You were on level 3 of the Dungeon.
You visited 1 branch of the dungeon, and saw 3 of its levels.

You collected 87 gold pieces.

Inventory:

Hand Weapons
 a - a +1 eveningstar of protection
 b - a +0 flail (weapon)
Armour
 c - a +0 buckler (worn)
 p - a +0 scale mail (worn)
Jewellery
 e - a ring of ice
 q - a +4 ring of evasion
Scrolls
 g - a scroll of torment
 k - a scroll of acquirement {unknown}
 n - a scroll of teleportation {unknown}
 o - a scroll of poison {unknown}
Potions
 d - a potion of might
 f - 3 potions of flight
 i - a potion of attraction
 m - a potion of lignification {unknown}
 r - a potion of cancellation {unknown}


   Skills:
 + Level 3.6 Fighting
 + Level 3.2 Maces & Flails
 + Level 3.0 Armour
 + Level 0.2 Dodging
 + Level 3.0 Shields


You had 3 spell levels left.
You didn't know any spells.
Your spell library contained the following spells:

 Spells                   Type           Power      Damage    Failure   Level
 Slow                     Hex            0%         N/A       80%         1
 Confusing Touch          Hex            0%         N/A       99%         3
 Gell's Gravitas          Tloc           0%         N/A       99%         3
 Lesser Beckoning         Tloc           0%         N/A       99%         3
 Teleport Other           Tloc           0%         N/A       99%         3
 Vampiric Draining        Necr           0%         2d6       99%         3


Dungeon Overview and Level Annotations

Branches:
Dungeon (3/15)

Altars:
Yredelemnul

Shops:
D:2 [!?:=


Innate Abilities, Weirdness & Mutations

You are completely covered in rugged brown scales. (AC +3, +7% HP)
You have supernaturally acute eyesight. (SInv)
Armour fits poorly on your strangely shaped body.
You can roll at nearby foes to attack.
You have a long armoured tail.
Your tail ends in a venomous barb.
Your magical capacity is low. (-10% MP)
You have hidden genetic defects.


Message History

The adder closely misses you.
It was a potion of flight.
You feel very buoyant.
You fly up into the air.
The adder bites you but does no damage.
Okay, then.
As you read the scroll labelled XIULEU KOULEUPT, it crumbles to dust.
Your body is wracked with pain!
* * * LOW HITPOINT WARNING * * *
The adder convulses!
The orc convulses!
It was a scroll of torment.
The adder bites you but does no damage. You block the adder's attack.
As you read the scroll labelled VOYHEIZEHI, it crumbles to dust.
It is a scroll of identify.
i - a potion of attraction The adder bites you.
* * * LOW HITPOINT WARNING * * *
You are lethally poisoned!
The adder poisons you!
Okay, then.
It was a potion of mutation.
You feel extremely strange.
You feel less energetic.
You feel a hidden malignance growing inside you.
A venomous barb forms on the end of your tail.
* * * LOW HITPOINT WARNING * * *
You feel sick. The adder bites you but does no damage.
It was a potion of berserk rage.
A red film seems to cover your vision as you go berserk!
You feel yourself moving faster!
You feel mighty!
* * * LOW HITPOINT WARNING * * *
You feel sick. You block the adder's attack. The adder bites you.
* * * LOW HITPOINT WARNING * * *
You are more poisoned.
The adder poisons you!
You are too berserk!
You miss the adder.
Your tail-slap misses the adder.
The adder is heavily wounded.
* * * LOW HITPOINT WARNING * * *
You feel sick. The adder barely misses you.
You barely miss the adder.
The adder is heavily wounded.
You die...

#..# #.# #.###
##..#####.# #...
..........###.##
#.#..........#.# ##
.....###..##..)###.#
###.[# #..##.#....#
#..###..##...#.## ###
###.............## #..
#.....##..######@###.#
#...<.##..# ##S#.#
..........# ##o#
#....>##.## #....?..#
....... .............#
########
#####....?....
#..........#
#....o..#### #.......#


You could see an adder and an orc.

Vanquished Creatures
  4 adders
  5 dart slugs
  3 endoplasms
  3 giant cockroaches
  2 goblins (D:1)
  3 hobgoblins (D:1)
  5 jackals
  A quokka (D:2)
  2 ball pythons
  6 bats
  6 frilled lizards
  3 kobolds
  4 rats (D:1)
47 creatures vanquished.

Notes
Turn   | Place    | Note
-------+----------+-------------------------------------------
     0 | D:1      | marklar909 the Palentonga Fighter began the quest for the
                  | Orb.
     0 | D:1      | Reached XP level 1. HP: 19/19 MP: 1/1
   109 | D:1      | Reached XP level 2. HP: 9/25 MP: 2/2
   504 | D:1      | Reached XP level 3. HP: 31/31 MP: 3/3
   770 | D:1      | Found a faded altar of an unknown god.
   950 | D:2      | Found Dulod's Jewellery Shop.
   982 | D:2      | Found a basalt altar of Yredelemnul.
  1033 | D:2      | Identified the +7 chain mail of Midwinter {Contam Int+7}
  1118 | D:2      | Found Ucsuat's Book Boutique.
  1163 | D:2      | Found Typt's Antique Armour Emporium.
  1168 | D:2      | Reached XP level 4. HP: 37/38 MP: 4/4
  1245 | D:2      | Found Ecoerch's Magic Scroll Emporium.
  1256 | D:2      | Found Tuheg's Distillery.
  1636 | D:3      | Gained mutation: Your magical capacity is low. (-10% MP)
                  | [potion of mutation]
  1636 | D:3      | Gained mutation: You have hidden genetic defects. [potion
                  | of mutation]
  1636 | D:3      | Gained mutation: Your tail ends in a venomous barb. [potion
                  | of mutation]
  1637 | D:3      | HP: 2/57 [adder (1)]
  1639 | D:3      | Succumbed to an adder's poison

Illustrated notes

Levels and vault maps discovered:
D:1:      dpeg_arrival_ternary, layout_basic, ebering_ecumenical_altar_hall
D:2:      layout_basic, basic_altar, serial_shops, nicolae_shop_behind_doors,
          shop_statue, nicolae_square_shop, shop, nicolae_shop_crystal
D:3:      layout_loops_ring, jmf_multi_god_temple,
          nicolae_qazlal_style_of_elements, nicolae_dithmenos_the_darkroom,
          gammafunk_temple_overflow_claw, uniq_crazy_yiuf_cottage

Skill      XL: |  1  2  3  4 |
---------------+-------------+-----
Shields        | 3 |  3.0
Maces & Flails | 3 |  3.2
Armour         | 3 |  3.0
Fighting       | |  3.6
Dodging        | |  0.2

Action                   |  1- 3 |  4- 6 || total
-------------------------+-------+-------++-------
Melee: Flail             |    92 |    13 ||   105
       Tailslap          |     4 |     1 ||     5
       Eveningstar       |     9 |    20 ||    29
  Use: Potion            |       |     3 ||     3
       Scroll            |       |     2 ||     2
Armor: Scale mail        |    61 |    23 ||    84
Dodge: Dodged            |    41 |    13 ||    54
Block: Buckler           |    34 |    12 ||    46

Table legend: (Time is in decaauts)
 A = Elapsed time spent in this place.
 B = Non-inter-level travel time spent in this place.
 C = Inter-level travel time spent in this place.
 D = Time resting spent in this place.
 E = Time spent auto-exploring this place.
 F = Levels seen in this place.
 G = Mean time per level.
                   A        B        C        D        E       F      G
               +--------+--------+--------+--------+--------+-----+--------+
         Total |   1679 |   1584 |     95 |      0 |   1200 |   3 |  559.7 |
       Dungeon |   1679 |   1584 |     95 |      0 |   1200 |   3 |  559.7 |
               +--------+--------+--------+--------+--------+-----+--------+

Top non-repeatable levels by time:
     D:1: 973 daAuts
     D:2: 634 daAuts
     D:3: 71 daAuts
